AoeStats
← adrazduarte

Arena

510013978Analyzed
3v3 RM · 3d ago on Sep 29, 2026· 45m 2s· 6 players
Game mode
Random Map
Map size
Normal (6 player)
Population
200
Speed
Normal
Resources
Standard
Victory
Conquest
Starting age
Dark Age
Ending age
Imperial Age
RankedLock teamsTeams togetherTeam positionsShared explorationLock speedFull tech treeHidden civsTurbo modeCheats
Victory
Defeat
🇲🇽 Bohemians · Mexico
978
+14
🇲🇽 Dravidians · Mexico
934
+16
🇦🇷 Byzantines · Argentina
915
+17
🇨🇱 Inca · Chile
998
-17
🇨🇱 Britons · Chile
911
-15
🇨🇱 Byzantines · Chile
911
-15
Gol D. Pichoyito
10:00 Feudal Age
11:28 Town Watch
14:01 Castle Age
12:39 Double-Bit Axe
12:36 Horse Collar
15:08 Bow Saw
15:00 Heavy Plow
20:22 Wheelbarrow
21:01 Loom
22:59 Gold Mining
23:01 Stone Mining
23:53 Town Watch
24:24 Hand Cart
24:19 Fletching
24:29 Padded Archer Armor
24:39 Forging
24:29 Scale Mail Armor
25:55 Bodkin Arrow
29:29 Imperial Age
28:09 Town Patrol
28:41 Leather Archer Armor
27:52 Pikeman
28:32 Squires
28:20 Arson
29:35 Ballistics
30:05 Yeomen
31:43 Two-Man Saw
31:12 Bracer
31:35 Guilds
31:14 Elite Skirmisher
32:29 Warwolf
33:49 Ring Archer Armor
33:51 Conscription
33:49 Halberdier
36:00 Scale Mail Armor
37:05 Chemistry
36:11 Siege Engineers
41:59 Iron Casting
41:39 Chain Mail Armor
Magni
9:39 Feudal Age
10:55 Double-Bit Axe
10:55 Horse Collar
12:07 Wheelbarrow
19:24 Castle Age
17:57 Gold Mining
17:59 Stone Mining
19:38 Scale Mail Armor
20:37 Heavy Plow
21:21 Pikeman
23:13 Forging
26:19 Hand Cart
26:34 Bow Saw
26:27 Squires
26:19 Fletching
27:58 Iron Casting
27:29 Town Watch
28:32 Sanctity
33:39 Imperial Age
32:34 Chain Mail Armor
32:32 Herbal Medicine
33:27 Gold Shaft Mining
34:30 Fabric Shields
35:44 Capped Ram
35:49 Halberdier
37:06 Plate Mail Armor
37:07 Arson
37:58 Elite Kamayuk
Chino_malo
0:32 Loom
12:02 Feudal Age
13:25 Horse Collar
17:44 Castle Age
17:08 Double-Bit Axe
19:13 Elite Skirmisher
22:10 Stone Mining
23:49 Bow Saw
25:50 Pikeman
31:19 Imperial Age
29:34 Ballistics
29:11 Murder Holes
29:11 Gambesons
29:27 Squires
29:16 Arson
33:07 Chemistry
33:03 Scale Barding Armor
34:23 Two-Man Saw
33:15 Heavy Camel Rider
34:40 Heavy Plow
35:20 Forging
38:06 Husbandry
38:28 Chain Barding Armor
38:44 Iron Casting
44:34 Fortified Wall
adrazduarte
10:20 Feudal Age
14:34 Castle Age
13:57 Double-Bit Axe
14:43 Loom
24:28 Wheelbarrow
23:42 Town Watch
24:26 Bow Saw
30:01 Imperial Age
29:35 Forging
29:22 Horse Collar
31:09 Conscription
31:24 Squires
32:03 Iron Casting
32:22 Wagenburg Tactics
33:28 Chemistry
31:58 Pikeman
33:45 Blast Furnace
33:52 Heavy Plow
34:54 Elite Hussite Wagon
36:45 Hand Cart
36:19 Halberdier
37:39 Scale Mail Armor
39:02 Fletching
43:40 Chain Mail Armor
BearKing89
11:27 Feudal Age
13:02 Double-Bit Axe
15:31 Castle Age
14:37 Horse Collar
16:59 Bow Saw
17:22 Heavy Plow
22:27 Loom
23:17 Wheelbarrow
24:28 Gold Mining
29:32 Imperial Age
27:19 Hand Cart
27:28 Medical Corps
27:59 Thumb Ring
27:47 Fletching
27:57 Padded Archer Armor
29:32 Bodkin Arrow
29:53 Leather Archer Armor
30:11 Ballistics
29:48 Elite Elephant Archer
30:31 Bracer
31:35 Chemistry
32:42 Ring Archer Armor
33:03 Hoardings
32:49 Conscription
34:54 Husbandry
35:06 Scale Barding Armor
quinan
11:45 Feudal Age
16:53 Castle Age
15:07 Horse Collar
15:20 Double-Bit Axe
15:50 Gold Mining
15:55 Stone Mining
16:35 Loom
16:45 Fletching
18:00 Heavy Plow
18:40 Gold Mining
23:10 Bow Saw
27:43 Gold Shaft Mining
31:35 Imperial Age
29:49 Gold Shaft Mining
29:51 Stone Shaft Mining
29:40 Scale Barding Armor
29:32 Bodkin Arrow
31:02 Wheelbarrow
31:43 Forging
32:40 Chain Barding Armor
33:14 Conscription
34:15 Stone Shaft Mining
34:29 Iron Casting
35:15 Chemistry
34:37 Ballistics
35:54 Logistica
37:10 Plate Barding Armor
36:33 Murder Holes
36:18 Treadmill Crane
37:00 Bracer
37:07 Elite Cataphract
38:28 Hoardings
38:55 Fortified Wall
38:52 Padded Archer Armor
41:08 Two-Man Saw
40:42 Crop Rotation
41:56 Arson
42:14 Husbandry
Connection lost

Rejoining the realm…

Still unreachable

The connection could not be restored.

Session expired

The server has moved on; the page needs a fresh start.